 Dungeon Crawl Stone Soup version 0.29.0-4-gdea44cf6ec (webtiles) character file.

Game seed: 328733187304491656

301 qw the Chopper (level 6, -1/32 (35) HPs)
             Began as a Tengu Warper on Aug 28, 2022.
             Was an Initiate of Okawaru.
             Slain by an orc wizard
             ... wielding a +1 dagger of draining
              (3 damage)
             ... on level 4 of the Dungeon.
             The game lasted 00:00:20 (4312 turns).

qw the Chopper (Tengu Warper)                       Turns: 4312, Time: 00:00:20

HP:   -1/32 (35)    AC:  6    Str: 13    XL:     6   Next: 37%
MP:   10/10         EV: 10    Int: 13    God:    Okawaru [......]
Gold: 123           SH:  4    Dex: 14    Spells: 9/9 levels left

rFire   . . .      SeeInvis .   Y - +0 war axe
rCold   . . .      Faith    .   a - +0 buckler
rNeg    . . .      Spirit   .   c - +0 scale mail
rPois   .          Reflect  .   (helmet restricted)
rElec   .          Harm     .   (no cloak)
rCorr   .          Rampage  .   (no gloves)
Will    .....                   (boots unavailable)
Stlth   ..........              (no amulet)
HPRegen 0.10/turn               (no ring)
MPRegen 0.12/turn               (no ring)

@: flying quickly and evasively, drained, quick
A: beak, talons 3, nimble flight
a: Renounce Religion


You were on level 4 of the Dungeon.
You worshipped Okawaru.
Okawaru was noncommittal.
You visited 1 branch of the dungeon, and saw 4 of its levels.

You collected 123 gold pieces.


Innate Abilities, Weirdness & Mutations

You have a beak for a mouth.
You have claws for feet.
Your magical nature lets you fly swiftly and evasively.


   Skills:
 + Level 2.0 Fighting
 - Level 7.0 Axes
 - Level 1.0 Throwing
 - Level 1.1 Armour
 - Level 2.1 Dodging
 - Level 1.0 Shields
 - Level 2.0 Spellcasting
 - Level 2.4 Translocations


You had 9 spell levels left.
You didn't know any spells.
Your spell library contained the following spells:

 Spells                   Type           Power      Damage    Failure   Level
 Blink                    Tloc           14%        N/A       67%         2
 Gell's Gravitas          Tloc           7%         N/A       88%         3
 Lesser Beckoning         Tloc           7%         N/A       88%         3
 Teleport Other           Tloc           7%         N/A       88%         3
 Manifold Assault         Tloc           7%         N/A       100%        5

Inventory:

Hand Weapons
 j - a +0 whip
 Y - a +0 war axe (weapon)
Armour
 a - a +0 buckler (worn)
 c - a +0 scale mail (worn)
 g - a scarf of resistance
Potions
 b - a potion of cancellation {unknown}
 d - a potion of brilliance {unknown}
 f - a potion of mutation {unknown}
 h - a potion of curing
 i - 2 potions of heal wounds {unknown}
 k - a potion of might {unknown}
 l - a potion of haste

Dungeon Overview and Level Annotations

Branches:
Dungeon (4/15)
 Temple: D:4-7

Altars:
Makhleb
Okawaru
Sif Muna

Shops:
D:1 [


Message History

An orc comes into view. It is wielding a +0 whip.
The orc shouts!
You hit the orc but do no damage. You peck the orc.
The orc is heavily wounded.
The orc hits you but does no damage.
You slash the orc!
You kill the orc!
Okawaru accepts your kill.
You miss something.
An endoplasm comes into view.
Something hits you but does no damage.
You feel drained.
You slash something! Your kick misses something.
You hear some strange, mumbled words.
A puff of flame appears from out of thin air!
The puff of flame hits you. You block the orc priest's attack.
The orc hits you with a +0 flail!
You hear some strange, mumbled words.
A magic dart appears from out of thin air!
The magic dart hits you!
You hit the orc priest but do no damage.
You claw the orc priest!
The orc priest is heavily wounded.
You hit the orc. You miss something. The orc misses you.
Something hits you but does no damage.
You feel drained.
The orc priest looks encouraged for a moment.
An orc comes into view. It is wielding a +0 mace.
You slash the orc priest!
The orc priest is almost dead.
You hit the orc. You closely miss something.
The orc priest hits you with a +0 short sword.
Something hits you.
You feel drained.
You slash the orc priest!
You kill the orc priest!
Okawaru accepts your kill.
You hit something but do no damage. You hit the orc.
You kill the orc!
Okawaru accepts your kill.
An orc comes into view. It is wielding a +0 trident.
Something hits you.
You die...

....#### ##.###
.......#####)...#
##..#......#...##
#...##..........#
#....##.........########
.....#.......)..........
..##.............####...
..#..........#...#
.##........#...)@#
....##.##.##....{)..#
....##....##...#oZ.##
##........#..o##J....
##............ #....#.
.............. .....# ..
.........o##. ..#.## #
.......... .#).#
..........


You could see 3 orcs, an orc zombie and an endoplasm.

Vanquished Creatures
  A phantom (D:3)
  A howler monkey (D:3)
  An orc priest (D:4)
  A jelly (D:4)
  Jessica (D:3)
  An iguana (D:4)
  5 adders
  A worm (D:3)
  4 dart slugs (D:3)
  2 orcs (D:4)
  4 bats
  4 endoplasms
  3 giant cockroaches
  3 goblins (D:3)
  3 hobgoblins
  6 jackals
  A kobold (D:1)
  6 quokkas
  3 ball pythons
  3 frilled lizards
  4 rats
58 creatures vanquished.

Notes
Turn   | Place    | Note
-------+----------+-------------------------------------------
     0 | D:1      | qw the Tengu Warper began the quest for the Orb.
     0 | D:1      | Reached XP level 1. HP: 12/12 MP: 4/4
     0 | D:1      | 0 ||| qw: Version: 0.1-a-89-g26bdef1
     0 | D:1      | 0 ||| qw: Game counter: 3329
     0 | D:1      | 0 ||| qw: Always use a shield: true
     0 | D:1      | 0 ||| qw: God list: Okawaru
     0 | D:1      | 0 ||| qw: Allow faded altars: false
     0 | D:1      | 0 ||| qw: Do Orc after D:15 true
     0 | D:1      | 0 ||| qw: Do second Lair branch before Depths: true
     0 | D:1      | 0 ||| qw: Lair rune preference: random
     0 | D:1      | 0 ||| qw: Plans: Normal
     0 | D:1      | 0 ||| PLANNING D:1-11
   206 | D:1      | Found Jigiutigh's Armour Boutique.
   219 | D:1      | 219 ||| SHOPLISTING +0 chain mail (63 gold, have 14).
   219 | D:1      | 219 ||| SHOPLISTING +0 chain mail of the Stag {rN+} (219
                  | gold, have 14).
   219 | D:1      | 219 ||| SHOPLISTING +0 ring mail (56 gold, have 14).
   219 | D:1      | 219 ||| SHOPLISTING +1 pair of gloves of stealth (231 gold,
                  | have 14).
   219 | D:1      | 219 ||| SHOPLISTING +2 ring mail of fire resistance (294
                  | gold, have 14).
   219 | D:1      | 219 ||| SHOPLISTING +2 robe of cold resistance (247 gold,
                  | have 14).
   260 | D:1      | Reached skill level 3 in Axes
   260 | D:1      | Reached XP level 2. HP: 17/17 MP: 6/6
   281 | D:1      | Found a faded altar of an unknown god.
  1033 | D:1      | 1033 ||| READING scroll labelled YMERAN QIDOYSU.
  1034 | D:1      | 1034 ||| READING scroll labelled POYXIK VUNG.
  1035 | D:1      | 1035 ||| DRINKING 2 fuming amethyst potions.
  1052 | D:1      | 1052 ||| DROPPING scroll of blinking.
  1053 | D:1      | 1053 ||| DROPPING potion of lignification.
  1087 | D:2      | 1087 ||| Stepping ~*~*~tactically~*~*~ (stealth).
  1092 | D:2      | Reached XP level 3. HP: 21/21 MP: 7/7
  1101 | D:2      | Reached skill level 4 in Axes
  1174 | D:2      | 1174 ||| Stepping ~*~*~tactically~*~*~ (stealth).
  1177 | D:2      | 1177 ||| Stepping ~*~*~tactically~*~*~ (stealth).
  1179 | D:2      | 1179 ||| Stepping ~*~*~tactically~*~*~ (stealth).
  1183 | D:2      | 1183 ||| Stepping ~*~*~tactically~*~*~ (stealth).
  1185 | D:2      | Found a burning altar of Makhleb.
  2007 | D:2      | 2007 ||| UPGRADING to +0 buckler.
  2012 | D:2      | 2012 ||| READING scroll labelled DIEWNO LIHI.
  2013 | D:2      | 2013 ||| DRINKING 2 amethyst potions.
  2014 | D:2      | 2014 ||| DRINKING 2 golden potions.
  2119 | D:2      | 2119 ||| DROPPING potion of berserk rage.
  2226 | D:3      | 2226 ||| DRINKING 2 inky potions.
  2227 | D:3      | 2227 ||| Stepping randomly (stuck).
  2228 | D:3      | 2228 ||| Stepping randomly (stuck).
  2237 | D:3      | Reached skill level 1 in Shields
  2237 | D:3      | Reached XP level 4. HP: 19/26 MP: 8/8
  2466 | D:3      | 2466 ||| Stepping randomly (stuck).
  2468 | D:3      | 2468 ||| Stepping randomly (stuck).
  2470 | D:3      | 2470 ||| Stepping ~*~*~tactically~*~*~ (hiding).
  2495 | D:3      | HP: 5/26 [frozen (4)]
  2517 | D:3      | 2517 ||| FLEEEEING.
  2518 | D:3      | 2518 ||| FLEEEEING.
  2524 | D:3      | 2524 ||| FLEEEEING.
  2525 | D:3      | 2525 ||| FLEEEEING.
  2528 | D:3      | 2528 ||| STAIRDANCE
  2757 | D:3      | 2757 ||| STAIRDANCE
  2888 | D:3      | 2888 ||| SWAPPING to +0 war axe.
  2889 | D:3      | 2889 ||| DROPPING +0 hand axe.
  2920 | D:3      | 2920 ||| Stepping ~*~*~tactically~*~*~ (hiding).
  3022 | D:3      | 3022 ||| Stepping ~*~*~tactically~*~*~ (hiding).
  3081 | D:3      | Noticed a phantom
  3083 | D:3      | 3083 ||| Stepping ~*~*~tactically~*~*~ (stealth).
  3095 | D:3      | Killed a phantom
  3096 | D:3      | Reached skill level 5 in Axes
  3096 | D:3      | Gained mutation: Your magical nature lets you fly swiftly
                  | and evasively. [Tengu growth]
  3096 | D:3      | Reached XP level 5. HP: 12/30 MP: 9/9
  3098 | D:3      | 3098 ||| FLEEEEING.
  3099 | D:3      | 3099 ||| FLEEEEING.
  3100 | D:3      | 3100 ||| FLEEEEING.
  3101 | D:3      | 3101 ||| FLEEEEING.
  3102 | D:3      | 3102 ||| FLEEEEING.
  3103 | D:3      | 3103 ||| FLEEEEING.
  3104 | D:3      | 3104 ||| FLEEEEING.
  3121 | D:3      | 3121 ||| FLEEEEING.
  3143 | D:3      | 3143 ||| FLEEEEING.
  3144 | D:3      | 3144 ||| FLEEEEING.
  3145 | D:3      | 3145 ||| FLEEEEING.
  3146 | D:3      | 3146 ||| FLEEEEING.
  3147 | D:3      | 3147 ||| FLEEEEING.
  3148 | D:3      | 3148 ||| FLEEEEING.
  3174 | D:3      | 3174 ||| FLEEEEING.
  3176 | D:3      | 3176 ||| FLEEEEING.
  3178 | D:3      | 3178 ||| FLEEEEING.
  3181 | D:3      | 3181 ||| FLEEEEING.
  3182 | D:3      | 3182 ||| FLEEEEING.
  3183 | D:3      | 3183 ||| FLEEEEING.
  3184 | D:3      | 3184 ||| FLEEEEING.
  3185 | D:3      | 3185 ||| STAIRDANCE
  3303 | D:2      | 3303 ||| READING scroll labelled KEDGHI OGIG XEA.
  3304 | D:2      | 3304 ||| READING scroll labelled SIUHAE WIOT.
  3305 | D:2      | 3305 ||| DRINKING 3 bubbling dark potions.
  3306 | D:2      | 3306 ||| DROPPING 2 potions of flight.
  3476 | D:3      | 3476 ||| UPGRADING to +0 scale mail.
  3545 | D:3      | 3545 ||| DROPPING +0 leather armour.
  3552 | D:3      | Found an iron altar of Okawaru.
  3570 | D:3      | Reached skill level 6 in Axes
  3675 | D:3      | Became a worshipper of Warmaster Okawaru
  3752 | D:3      | Noticed Jessica
  3761 | D:3      | Killed Jessica
  3762 | D:3      | Reached XP level 6. HP: 35/35 MP: 10/10
  3764 | D:3      | Found a shimmering blue altar of Sif Muna.
  3868 | D:4      | 3868 ||| Stepping ~*~*~tactically~*~*~ (stealth).
  3869 | D:4      | 3869 ||| Stepping ~*~*~tactically~*~*~ (stealth).
  3877 | D:4      | HP: 8/35 [iguana (3)]
  3878 | D:4      | HP: 1/35 [iguana (7)]
  3883 | D:4      | 3883 ||| Stepping ~*~*~tactically~*~*~ (stealth).
  3884 | D:4      | 3884 ||| Stepping ~*~*~tactically~*~*~ (stealth).
  4005 | D:4      | 4005 ||| Stepping ~*~*~tactically~*~*~ (stealth).
  4006 | D:4      | 4006 ||| Stepping ~*~*~tactically~*~*~ (stealth).
  4007 | D:4      | 4007 ||| Stepping ~*~*~tactically~*~*~ (stealth).
  4279 | D:4      | Reached skill level 7 in Axes
  4292 | D:4      | 4292 ||| DROPPING +0 club.
  4309 | D:4      | HP: 6/34 [something/magic dart (8)]
  4311 | D:4      | HP: 2/32 [something (1)]
  4312 | D:4      | Slain by an orc wizard

Levels and vault maps discovered:
D:1:      arrival_zaba_pyramid, layout_basic, serial_shops, shop,
          hellmonk_ecumenical_altar_crossroads
D:2:      layout_basic, basic_altar, dk_vineyard_1
D:3:      layout_basic, mainiacjoe_overflow_boulevard, tgw_sif,
          nicolae_kite_square_tiling_tiny
D:4:      layout_cave_pools, nicolae_tso_besieged_by_evil,
          minmay_temple_entry_mini_moons, minmay_joined_circles

Skill      XL: |  1  2  3  4  5  6 |
---------------+-------------------+-----
Axes           | 3 4 5 6 7 |  7.0
Shields        | 1 |  1.0
Fighting       | |  2.0
Throwing       | |  1.0
Armour         | |  1.1
Dodging        | |  2.1
Spellcasting   | |  2.0
Translocations | |  2.4

Action                   |  1- 3 |  4- 6 || total
-------------------------+-------+-------++-------
Melee: Hand axe          |    76 |    23 ||    99
       Kick              |    16 |    22 ||    38
       Peck              |     8 |    11 ||    19
       War axe           |       |    59 ||    59
Throw: Boomerang         |     7 |       ||     7
  Use: Scroll            |     3 |     2 ||     5
       Potion            |     4 |     1 ||     5
 Stab: Sleeping          |       |     1 ||     1
Armor: Leather armour    |    15 |     9 ||    24
       Scale mail        |       |     9 ||     9
Dodge: Dodged            |    44 |    31 ||    75
Block: Buckler           |       |     8 ||     8

Table legend:
 A = Non-vault XP
 B = Vault XP
 C = Vault XP percentage of total XP
 D = Non-vault monster count
 E = Vault monster count
 F = Vault count percentage of total count
                 A         B        C        D         E       F
            +---------+---------+-------+---------+---------+-------
      Total |     440 |      37 |   7.8 |      57 |       1 |   1.7
            +---------+---------+-------+---------+---------+-------
        D:1 |      23 |       0 |   0.0 |      13 |       0 |   0.0
        D:2 |      52 |       0 |   0.0 |      11 |       0 |   0.0
        D:3 |     229 |      37 |  13.9 |      23 |       1 |   4.2
        D:4 |     136 |       0 |   0.0 |      10 |       0 |   0.0
            +---------+---------+-------+---------+---------+-------
